 Dungeon Crawl Stone Soup version 0.27.1-33-g824d729ab1 (webtiles) character file.

Game seed: 8254228173882075868

186 styxcanada the Covert (level 5, 0/26 HPs)
             Began as a Spriggan Brigand on Jan 1, 2022.
             Slain by a worm (7 damage)
             ... in a sewer.
             The game lasted 00:12:27 (3992 turns).

styxcanada the Covert (Spriggan Brigand)            Turns: 3992, Time: 00:12:28

Health: 0/26       AC:  3    Str:  7    XL:     5   Next: 38%
Magic:  6/6        EV: 17    Int: 13    God:
Gold:   73         SH:  0    Dex: 17    Spells: 3/4 levels left

rFire    . . .     SeeInvis +   a - +2 dagger
rCold    . . .     Faith    .   (shield restricted)
rNeg     . . .     Spirit   .   b - +0 robe
rPois    .         Reflect  .   (helmet restricted)
rElec    .         Harm     .   c - +0 cloak
rCorr    .         Rampage  .   (gloves unavailable)
Will     .....                  (boots unavailable)
Stlth    ++++......             (no amulet)
HPRegen  0.08/turn              (no ring)
MPRegen  0.10/turn              (no ring)

@: very quick
A: very small, no large weapons, unfitting armour, see invisible, speed 3
a: no special abilities


You were in a sewer.
You visited 1 branch of the dungeon, and saw 3 of its levels.
You also visited: Sewer.

You collected 73 gold pieces.

Inventory:

Hand Weapons
 a - a +2 dagger (weapon)
 h - a +0 hunting sling
Missiles
 d - 23 poisoned darts (quivered)
 e - 2 curare-tipped darts
 k - 38 stones
 l - 21 sling bullets
Armour
 b - a +0 robe (worn)
 c - a +0 cloak (worn)
Scrolls
 f - a scroll of immolation {unknown}
 g - a scroll of blinking {unknown}
Potions
 j - a potion of magic
 m - a potion of might {unknown}


   Skills:
 * Level 2.1 Fighting
 + Level 2.8 Short Blades
 + Level 2.7 Throwing
 * Level 2.9 Dodging
 * Level 8.1 Stealth
 * Level 0.4 Spellcasting
 * Level 0.1 Air Magic


You had 3 spell levels left.
You knew the following spells:

 Your Spells              Type           Power      Damage    Failure   Level
a - Shock                 Conj/Air       0%         1d3       28%         1

Your spell library contained the following spells:

 Spells                   Type           Power      Damage    Failure   Level
 Gell's Gravitas          Tloc           0%         N/A       65%         3
 Swiftness                Air            0%         N/A       65%         3
 Teleport Other           Tloc           0%         N/A       65%         3
 Airstrike                Air            0%         N/A       96%         4
 Dispersal                Tloc           0%         N/A       100%        6


Dungeon Overview and Level Annotations

Branches:
Dungeon (3/15)              Sewer (1/1)

Altars:


Innate Abilities, Weirdness & Mutations

You are very small and have problems with some larger weapons.
You are too small for most types of armour.
You have supernaturally acute eyesight. (SInv)
You cover ground extremely quickly. (Speed+++)


Message History

Press: ? - help, Q - select action, (/) - cycle Shift-Dir - straight line, f - worm
Aim: a worm (lightly wounded, poisoned, 79% to hit)
You throw a poisoned dart. The poisoned dart hits the worm!
The worm looks even sicker.
The worm is lightly wounded.
Throw: 27 darts (poison)
Press: ? - help, Q - select action, (/) - cycle Shift-Dir - straight line, f/p - worm
Aim: a worm (lightly wounded, very poisoned, 79% to hit)
You throw a poisoned dart. The poisoned dart hits the worm!
The worm looks as sick as possible!
The worm is lightly wounded.
Throw: 26 darts (poison)
Press: ? - help, Q - select action, (/) - cycle Shift-Dir - straight line, f/p - worm
Aim: a worm (moderately wounded, extremely poisoned, 79% to hit)
You throw a poisoned dart. The poisoned dart hits the worm.
The worm looks as sick as possible!
The worm is moderately wounded.
Throw: 25 darts (poison)
Press: ? - help, Q - select action, (/) - cycle Shift-Dir - straight line, f/p - worm
Aim: a worm (moderately wounded, extremely poisoned, 79% to hit)
You throw a poisoned dart.
The poisoned dart barely misses the worm.
Unknown command.
Throw: 24 darts (poison)
Press: ? - help, Q - select action, (/) - cycle Shift-Dir - straight line, f/p - worm
Aim: a worm (heavily wounded, extremely poisoned, 79% to hit)
You throw a poisoned dart.
The poisoned dart barely misses the worm.
You hit the worm.
The worm is heavily wounded.
You hit the worm.
The worm is severely wounded.
You hit the worm.
The worm is almost dead.
The worm bites you.
* * * LOW HITPOINT WARNING * * *
You barely miss the worm.
The worm is almost dead.
The worm bites you!
You die...

#####
#.@.##
##.w..##
#∩.....#
#.((...#
##.∩...#
#.(..##
##.(##
#(.##
#(..#


You could see a worm (very poisoned).

Vanquished Creatures
  A hound (D:2)
  5 gnolls
  A river rat (D:3)
  3 adders
  2 worms
  4 dart slugs
  An orc (D:3)
  3 ball pythons
  6 endoplasms
  6 giant cockroaches
  2 goblins
  2 hobgoblins
  6 quokkas
  3 bats
  2 frilled lizards
  7 kobolds
  5 rats
59 creatures vanquished.

Notes
Turn   | Place    | Note
-------+----------+-------------------------------------------
     0 | D:1      | styxcanada the Spriggan Brigand began the quest for the
                  | Orb.
     0 | D:1      | Reached XP level 1. HP: 10/10 MP: 2/2
    60 | D:1      | Reached skill level 6 in Stealth
   122 | D:1      | Reached XP level 2. HP: 9/14 MP: 3/3
   841 | D:1      | Found a faded altar of an unknown god.
   917 | D:1      | Reached skill level 7 in Stealth
  1404 | D:1      | Reached XP level 3. HP: 18/18 MP: 4/4
  2763 | D:2      | Reached XP level 4. HP: 16/23 MP: 5/5
  3346 | D:2      | Reached skill level 8 in Stealth
  3370 | D:2      | Reached XP level 5. HP: 26/26 MP: 6/6
  3519 | D:2      | Learned a level 1 spell: Shock
  3744 | D:3      | Found a glowing drain.
  3935 | Sewer    | Entered a sewer
  3992 | Sewer    | Slain by a worm

Illustrated notes

Levels and vault maps discovered:
D:1:      lightli_arrival_isolated_outpost, layout_basic,
          ebering_ecumenical_altar_abandoned
D:2:      layout_loops_cross, kennysheep_generic_room_3
D:3:      layout_loops_cross, portal_sewer_entry_c, hangedman_glass_teeth,
          minmay_lizard_king, uniq_jessica
Sewer:    sewer_fruit_machine

Skill      XL: |  1  2  3  4 |
---------------+-------------+-----
Stealth        | 6 7 8 |  8.1
Dodging        | 2 |  2.9
Fighting       | 2 |  2.1
Short Blades   | |  2.8
Throwing       | |  2.7
Spellcasting   | |  0.4
Air Magic      | |  0.1

Action                   |  1- 3 |  4- 6 || total
-------------------------+-------+-------++-------
Melee: Dagger            |    87 |    87 ||   174
Throw: Dart              |    20 |    70 ||    90
  Use: Potion            |       |     2 ||     2
 Stab: Sleeping          |     9 |     7 ||    16
       Distracted        |       |     1 ||     1
Armor: Robe              |    10 |    31 ||    41
Dodge: Dodged            |    45 |   185 ||   230
